Map: Wolfe Industries Compound

Players

Century

  • Race: Protoss Protoss
  • Spawn Location: 7:00

Panther

  • Race: Terran Terran
  • Spawn Location: 7:00

zod

  • Race: Protoss Protoss
  • League: Silver
  • Spawn Location: 3:00

Blubbel

  • Race: Terran Terran
  • League: Bronze
  • Spawn Location: 12:00

VOD

Have the link to the VOD?

Description

Time

  • Played on: Dec. 12, 2015, 1:28 p.m.
  • Length: 14:59
Show
View Real Time Build Order
Export as new Build Order

Century Protoss 

Build Orders:  

Get SALT Encoding   

  12  0:01  Probe (Chrono Boost)  
  13  0:12  Probe (Chrono Boost)  
  14  0:22  Probe (Chrono Boost), Pylon  
  15  0:40  Probe (Chrono Boost)  
  16  0:51  Probe (Chrono Boost), Gateway  
  17  0:57  Assimilator  
  17  1:01  Probe (Chrono Boost)  
  18  1:05  Pylon  
  18  1:12  Probe (Chrono Boost)  
  19  1:33  Gateway  
  19  1:38  Cybernetics Core  
  19  1:42  Assimilator  
  19  1:43  Probe (Chrono Boost)  
  19  1:46  Zealot  
  22  1:54  Probe (Chrono Boost)  
  23  2:10  Probe (Chrono Boost)  
  24  2:21  Stalker, Nexus  
  26  2:26  Zealot  
  26  2:29  Warp Gate (Chrono Boost)  
  28  2:51  Stalker  
  30  2:59  Pylon  
  30  3:17  Mothership Core, Zealot  
  34  3:23  Stalker, Pylon  
  36  3:30  Gateway  
  36  3:39  Probe  
  36  3:40  Probe  
  38  3:50  Probe  
  38  3:52  Probe  
  40  3:57  Forge  
  40  4:01  Pylon  
  40  4:04  Probe  
  40  4:06  Probe  
  42  4:16  Probe  
  43  4:17  Probe  
  43  4:24  Stalker  
  46  4:25  Stalker  
  46  4:27  Pylon  
  46  4:29  Probe  
  49  4:36  Assimilator  
  49  4:40  Pylon, Assimilator  
  49  4:42  Protoss Ground Weapons Level 1  
  49  4:45  Zealot  
  51  4:56  Robotics Facility  
  51  4:58  Probe  
  52  5:08  Stalker  
  52  5:09  Stalker, Probe  
  52  5:14  Zealot  
  59  5:19  Probe (Chrono Boost)  
  60  5:44  Probe (Chrono Boost)  
  61  5:54  Probe (Chrono Boost), Nexus  
  62  5:57  Pylon  
  62  5:59  Pylon  
  62  6:01  Assimilator  
  62  6:05  Probe (Chrono Boost), Assimilator  
  62  6:08  Robotics Facility  
  62  6:11  Pylon  
  54  6:43  Observer  
  55  7:09  Probe (Chrono Boost)  
  56  7:18  Photon Cannon  
  56  7:19  Probe (Chrono Boost)  
  58  7:30  Probe (Chrono Boost)  
  53  7:40  Probe (Chrono Boost)  
  47  7:51  Probe (Chrono Boost)  
  40  8:01  Warp Prism x2  
  41  8:11  Probe (Chrono Boost)  
  42  8:13  Probe (Chrono Boost)  
  43  8:20  Probe (Chrono Boost)  
  43  8:21  Probe (Chrono Boost)  
  43  8:24  Probe (Chrono Boost)  
  46  8:30  Photon Cannon  
  46  8:31  Probe (Chrono Boost)  
  46  8:32  Probe (Chrono Boost)  
  48  8:34  Probe (Chrono Boost)  
  48  8:35  Pylon  
  48  8:40  Photon Cannon  
  50  8:41  Probe (Chrono Boost)  
  50  8:42  Stalker, Probe (Chrono Boost)  
  50  8:43  Stalker x2  
  50  8:45  Probe (Chrono Boost)  
  58  8:52  Probe (Chrono Boost)  
  58  8:53  Probe (Chrono Boost)  
  61  8:55  Probe (Chrono Boost)  
  61  9:02  Probe (Chrono Boost)  
  56  9:14  Photon Cannon  
  56  9:18  Probe (Chrono Boost)  
  57  9:29  Probe (Chrono Boost)  
  57  9:31  Stargate  
  58  9:33  Stargate  
  58  9:34  Probe (Chrono Boost)  
  58  9:35  Stargate  
  59  9:39  Probe (Chrono Boost)  
  59  9:42  Probe (Chrono Boost)  
  59  9:45  Probe (Chrono Boost)  
  62  9:50  Probe (Chrono Boost)  
  63  9:53  Probe (Chrono Boost)  
  63  9:55  Probe (Chrono Boost)  
  65  10:00  Probe (Chrono Boost)  
  66  10:11  Probe (Chrono Boost)  
  67  10:25  Probe (Chrono Boost)  
  67  10:28  Probe (Chrono Boost)  
  69  10:30  Void Ray x3  
  81  10:36  Probe (Chrono Boost)  
  81  10:38  Probe (Chrono Boost)  
  83  10:45  Gateway  
  83  10:46  Probe (Chrono Boost)  
  83  10:47  Gateway  
  83  10:49  Probe (Chrono Boost)  
  86  10:57  Probe (Chrono Boost)  
  86  11:07  Probe (Chrono Boost)  
  87  11:14  Protoss Air Weapons Level 1 (Chrono Boost)  
  87  11:16  Probe  
  88  11:27  Probe  
  89  11:37  Probe  
  90  11:40  Zealot x3  
  96  11:48  Probe  
  97  12:01  Zealot x2  
  97  12:02  Zealot  
  101  12:11  Void Ray x3  
  63  12:53  Void Ray x2  
  63  12:54  Void Ray  
  63  12:58  Stalker x3  
  69  13:36  Void Ray x3  
  81  13:47  Nexus  
  81  13:53  Fleet Beacon  
  81  14:00  Zealot  
  81  14:02  Zealot  
  85  14:03  Stalker  
  85  14:05  Stalker  
  85  14:06  Zealot  
  95  14:56  Stalker  
  95  14:57  Zealot x2  
  95  14:58  Zealot  
Show
View Real Time Build Order
Export as new Build Order

Panther Terran 

Build Orders: MMM Bio 

Get SALT Encoding   

  12  0:04  SCV  
  13  0:16  SCV  
  13  0:20  Supply Depot  
  14  0:32  SCV  
  15  0:38  Refinery  
  15  0:45  Barracks  
  15  0:47  SCV  
  16  0:59  SCV  
  17  1:05  Barracks  
  17  1:11  SCV  
  18  1:23  SCV  
  19  1:34  Barracks  
  19  1:36  Marine  
  20  1:41  Orbital Command  
  20  1:53  Supply Depot  
  20  1:54  Marine  
  20  1:55  Marine  
  22  2:06  SCV  
  23  2:14  Marine x2  
  25  2:20  Barracks Tech Lab  
  25  2:26  Refinery  
  25  2:30  Supply Depot  
  25  2:32  Marine x2  
  27  2:45  SCV  
  27  2:47  Marine  
  27  2:50  Stimpack, Marine  
  30  2:57  SCV, Marine  
  34  3:06  Marauder  
  34  3:09  Barracks Reactor  
  34  3:15  Engineering Bay  
  34  3:18  SCV  
  34  3:19  Marine  
  38  3:27  Marauder  
  38  3:33  SCV  
  39  3:40  Supply Depot  
  39  3:41  Barracks Reactor  
  39  3:49  Missile Turret  
  39  3:52  Terran Infantry Weapons Level 1  
  39  4:02  SCV, Marauder  
  42  4:15  Command Center  
  42  4:24  SCV, Marauder  
  44  4:30  Supply Depot, Marine  
  44  4:31  Marine  
  47  4:42  Factory  
  47  4:51  SCV, Concussive Shells  
  48  4:56  Supply Depot  
  48  5:03  SCV  
  49  5:16  SCV  
  49  5:18  Barracks  
  50  5:28  SCV, Marine x2, Marauder  
  54  5:29  Marine  
  54  5:31  Factory Tech Lab  
  54  5:34  Combat Shields  
  56  5:43  Orbital Command  
  56  5:46  Terran Infantry Armor Level 1  
  56  5:49  Marauder  
  57  6:00  Missile Turret  
  57  6:03  Siege Tank  
  60  6:06  Barracks Tech Lab  
  60  6:11  SCV  
  60  6:14  SCV  
  62  6:21  Missile Turret  
  62  6:23  SCV  
  63  6:27  Armory  
  59  6:35  SCV, Siege Tank  
  59  6:58  Marine x6  
  65  7:12  Starport  
  65  7:13  Siege Tank  
  68  7:16  Marine  
  68  7:17  Marauder x2  
  73  7:25  Terran Vehicle Weapons Level 1  
  73  7:38  Marauder x2  
  77  7:47  Refinery  
  77  7:49  SCV, Refinery  
  78  7:59  Starport Reactor  
  78  8:03  Terran Infantry Weapons Level 2  
  78  8:09  Supply Depot  
  78  8:10  Supply Depot x2  
  78  8:19  Missile Turret  
  78  8:30  SCV  
  78  8:32  Marine x5  
  78  8:33  Marauder  
  78  8:34  Supply Depot  
  86  8:42  SCV, Medivac  
  89  8:49  Missile Turret  
  89  8:50  Marine x4  
  89  8:51  Marauder  
  89  8:55  SCV, Marauder  
  98  9:01  Medivac  
  100  9:07  SCV  
  101  9:10  Sensor Tower  
  101  9:12  Medivac  
  101  9:15  Command Center  
  103  9:19  Terran Vehicle And Ship Armor Level 1  
  103  9:28  Engineering Bay  
  103  9:56  Supply Depot  
  103  10:01  Terran Infantry Armor Level 2  
  103  10:18  Refinery  
  103  10:19  Supply Depot  
  103  10:20  Refinery  
  103  10:24  Terran Infantry Weapons Level 3  
  103  10:27  Thor  
  109  10:31  Marine  
  109  10:32  Marine x5  
  115  10:43  Supply Depot  
  115  10:49  Marine x3  
  116  10:50  Marine x3  
  116  10:53  Orbital Command  
  121  11:01  Sensor Tower  
  121  11:07  Marine x5  
  121  11:08  Medivac x2, Marine  
  131  11:12  Terran Vehicle Weapons Level 2  
  131  11:14  Thor  
  131  11:33  Marine x6  
  131  11:38  Viking x2  
  126  11:50  Marine  
  126  11:51  Marine x3  
  126  11:52  Marauder x2  
  134  12:08  Viking  
  136  12:13  Marauder x2  
  133  12:39  Marine x4  
  133  12:40  Marine x2  
  133  12:41  Viking  
  133  12:42  Viking  
  143  12:57  Marine x6  
  144  13:11  Viking x2  
  141  13:15  Marine x6  
  141  13:33  Marine x4  
  121  13:41  Viking x2  
  121  13:47  Marine x2  
  121  13:50  Marine  
  121  13:51  Marine x3  
  123  14:05  Marine x2  
  123  14:08  Marine x3  
  123  14:09  Marine  
  125  14:14  Viking  
  121  14:23  Marine  
  117  14:28  Marine x2  
  117  14:29  Marine  
Show
View Real Time Build Order
Export as new Build Order

zod Protoss 

Build Orders: Nexus First 

Get SALT Encoding   

  12  0:01  Probe (Chrono Boost)  
  13  0:12  Probe (Chrono Boost)  
  14  0:19  Pylon  
  14  0:24  Probe (Chrono Boost)  
  15  0:37  Probe (Chrono Boost)  
  16  0:47  Probe (Chrono Boost)  
  17  1:03  Nexus  
  17  1:15  Gateway  
  17  1:18  Probe (Chrono Boost)  
  18  1:25  Assimilator  
  18  1:28  Pylon  
  18  1:33  Assimilator  
  18  1:34  Probe (Chrono Boost)  
  19  1:45  Probe (Chrono Boost)  
  20  1:55  Probe (Chrono Boost)  
  21  2:09  Cybernetics Core  
  21  2:13  Pylon  
  21  2:17  Gateway  
  21  2:22  Pylon  
  21  2:24  Gateway  
  21  2:29  Probe (Chrono Boost)  
  23  2:30  Probe (Chrono Boost)  
  22  2:44  Probe (Chrono Boost)  
  22  2:45  Probe (Chrono Boost)  
  22  2:49  Assimilator  
  24  2:57  Probe x2 (Chrono Boost)  
  26  3:08  Mothership Core (Chrono Boost), Probe (Chrono Boost), Warp Gate  
  29  3:18  Probe (Chrono Boost)  
  30  3:26  Probe (Chrono Boost), Adept  
  35  3:27  Adept x2  
  35  3:29  Probe (Chrono Boost)  
  38  3:37  Probe (Chrono Boost)  
  38  3:39  Probe (Chrono Boost)  
  40  3:45  Robotics Facility  
  40  3:47  Probe (Chrono Boost)  
  41  3:50  Probe (Chrono Boost)  
  42  3:58  Probe (Chrono Boost)  
  42  3:59  Adept  
  42  4:00  Adept x2  
  49  4:03  Probe (Chrono Boost)  
  49  4:08  Probe (Chrono Boost)  
  51  4:15  Pylon  
  51  4:26  Forge  
  51  4:27  Probe (Chrono Boost), Pylon  
  51  4:29  Assimilator  
  51  4:30  Pylon  
  52  4:34  Observer, Pylon  
  53  4:49  Protoss Air Weapons Level 1  
  53  4:51  Twilight Council  
  53  4:54  Stalker x3, Warp Prism  
  61  5:10  Protoss Ground Weapons Level 1 (Chrono Boost)  
  61  5:18  Probe  
  61  5:19  Probe  
  63  5:32  Stargate  
  63  5:37  Gateway  
  63  5:38  Gateway  
  63  5:45  Robotics Bay  
  44  6:46  Adept x3  
  50  6:50  Oracle  
  53  6:58  Fleet Beacon, Zealot x2  
  53  7:01  Pylon  
  57  7:03  Pylon  
  57  7:12  Adept x2  
  57  7:13  Adept  
  51  8:07  Tempest  
  51  8:10  Protoss Air Weapons Level 2  
  55  8:17  Stargate  
  55  8:18  Stargate  
  55  8:21  Stargate  
  55  8:22  Zealot  
  55  8:23  Zealot x4, Stargate  
  65  8:28  Protoss Shields Level 1 (Chrono Boost)  
  65  8:31  Observer  
  66  8:44  Adept x4  
  74  9:09  Tempest  
  75  9:27  Tempest  
  75  9:28  Tempest  
  83  9:32  Nexus  
  83  9:35  Assimilator  
  83  9:38  Assimilator  
  83  9:40  Pylon  
  83  9:42  Pylon  
  83  9:44  Pylon  
  83  9:54  Zealot  
  83  9:55  Zealot x3  
  83  9:56  Zealot  
  93  10:00  Nexus  
  93  10:03  Assimilator  
  93  10:07  Assimilator  
  93  10:09  Pylon  
  93  10:11  Protoss Air Armor Level 1, Pylon  
  93  10:13  Pylon  
  83  10:15  Tempest x2, Pylon  
  83  10:16  Tempest  
  95  10:26  Probe  
  95  10:27  Probe  
  97  10:35  Stalker x3  
  99  10:36  Stalker  
  99  10:38  Probe  
  99  10:40  Stalker  
  108  10:55  Probe  
  108  10:56  Probe x2  
  111  11:00  Tempest  
  115  11:06  Stalker x2  
  115  11:11  Probe  
  116  11:21  Probe  
  109  11:26  Tempest  
  109  11:30  Probe  
  109  11:32  Probe  
  103  11:42  Probe  
  103  11:43  Stalker  
  103  11:46  Stalker  
  108  11:48  Stalker  
  104  12:03  Probe  
  104  12:04  Probe  
  104  12:05  Probe  
  107  12:08  Zealot  
  107  12:09  Zealot x2  
  98  12:35  Tempest  
  73  13:39  Stalker x3  
  73  13:40  Stalker  
  81  13:55  Tempest  
Show
View Real Time Build Order
Export as new Build Order

Blubbel Terran 

Build Orders:  

Get SALT Encoding   

  12  0:01  SCV  
  13  0:14  SCV  
  14  0:26  Supply Depot, SCV  
  15  0:47  SCV  
  16  0:51  Barracks  
  16  0:59  SCV  
  17  1:26  Command Center  
  17  1:33  Refinery  
  17  1:37  SCV  
  17  1:39  Supply Depot, Refinery  
  18  1:43  Marine  
  19  1:50  SCV  
  20  2:02  SCV  
  21  2:14  SCV, Marine  
  23  2:39  Supply Depot  
  23  2:48  Orbital Command  
  23  3:06  Factory  
  23  3:11  Engineering Bay  
  23  3:14  Orbital Command  
  23  3:16  SCV  
  24  3:29  SCV  
  25  3:35  Barracks  
  25  3:41  Barracks Tech Lab  
  25  3:49  Missile Turret  
  25  3:54  SCV  
  26  4:02  Widow Mine  
  26  4:03  Starport  
  26  4:06  SCV, Marine  
  30  4:15  SCV  
  31  4:18  SCV  
  31  4:23  Barracks  
  32  4:24  Barracks Reactor  
  32  4:27  SCV  
  32  4:30  SCV  
  32  4:31  Widow Mine  
  34  4:35  Marine  
  37  4:41  Medivac  
  37  4:42  SCV  
  40  4:49  SCV  
  41  4:53  Marine  
  41  4:54  SCV  
  43  5:01  SCV  
  43  5:06  SCV, Barracks  
  45  5:08  Marine x2  
  47  5:34  Widow Mine  
  49  5:38  Barracks Tech Lab, Barracks  
  49  5:40  Concussive Shells  
  48  5:54  Barracks  
  48  6:02  Command Center, Widow Mine  
  50  6:29  Barracks Tech Lab  
  50  6:32  Marauder  
  49  6:33  Marine  
  47  6:52  Medivac  
  47  6:53  Marauder  
  49  6:54  Factory Tech Lab  
  49  6:57  Barracks Reactor x2  
  47  7:03  Barracks  
  47  7:15  Marauder  
  49  7:17  SCV  
  49  7:18  Refinery  
  49  7:22  Medivac  
  52  7:31  Marauder  
  52  7:34  Marine x3  
  52  7:36  Marauder  
  59  7:40  SCV  
  60  7:50  Refinery  
  60  7:52  SCV, Marauder  
  60  7:58  Marauder  
  65  8:04  SCV  
  66  8:09  Marine  
  66  8:11  Barracks Tech Lab  
  67  8:14  Marauder  
  69  8:21  Supply Depot  
  69  8:23  Supply Depot  
  69  8:25  Supply Depot  
  69  8:29  Starport Reactor  
  69  8:33  Terran Infantry Weapons Level 1  
  69  8:42  Engineering Bay  
  69  8:43  SCV, Marauder x2, Marine x3  
  69  8:44  Marine x3  
  80  8:48  Armory  
  80  8:55  SCV  
  81  9:00  Starport, Marine  
  81  9:02  Siege Tank, Marine  
  86  9:04  Marauder x2  
  90  9:11  Marauder  
  90  9:12  Marine x4  
  96  9:18  Marine  
  97  9:26  Marauder x2  
  101  9:31  Supply Depot  
  101  9:33  Terran Infantry Armor Level 1  
  101  9:53  SCV, Marauder x3  
  108  10:05  SCV, Starport Tech Lab  
  109  10:14  Supply Depot  
  109  10:15  Supply Depot  
  109  10:27  Hi-Sec Auto Tracking  
  109  10:35  Marine x2  
  109  10:36  Marauder, Marine x3  
  109  10:37  Marauder x2  
  120  10:50  Marine  
  120  10:52  Supply Depot  
  120  10:53  Supply Depot, Marine x2  
  123  10:57  Combat Shields, Marauder  
  123  10:59  Stimpack  
  125  11:05  Terran Ship Weapons Level 1  
  125  11:07  Supply Depot  
  125  11:14  Marauder x2  
  125  11:15  Supply Depot  
  119  11:19  Marauder  
  119  11:23  Terran Infantry Weapons Level 2  
  100  11:35  Marauder x2  
  90  11:40  Marauder  
  88  11:52  Liberator x2  
  88  11:57  Marauder  
  90  12:03  Marauder x2  
  90  12:04  Marine  
  90  12:05  Marine x5  
  101  12:17  Fusion Core  
  101  12:18  Marauder  
  101  12:22  Marine x2  
  90  12:23  Marine x4  
  90  12:24  Marauder  
  90  12:25  Marauder  
  100  12:40  Marine x2, Marauder  
  104  12:46  Marauder x2  
  107  13:01  Marauder  
  102  13:07  Marauder x2  
  102  13:08  Marine  
  102  13:09  Marine x5  
  81  13:22  Marauder  
  81  13:26  Marine x2  
  81  13:27  Marine x4  
  85  13:28  Marine x2  
  80  13:35  Marine  
  76  13:43  Marine  
  76  13:44  Marine x3  
  76  13:45  Marine  
  81  13:49  Marauder x2  
  81  13:50  Marine x2  
  87  14:01  Marauder  
  87  14:02  Marine x4  
  93  14:10  Marauder x2  
  97  14:23  Marauder  
  95  14:26  Marine  
  96  14:31  Marauder  
  96  14:32  Marauder  
Tags
 
Add a new tag
Caveats
  • Supply blocks, unpowered buildings, or Contaminate may cause inaccurate times.
  • Supply counts are checked every 10 seconds.